 Dungeon Crawl Stone Soup version 0.28.0-45-g0d030f2227 (webtiles) character file.

Game seed: 11552764317044384893

230 Lamak the Purveyor of Pain (level 6, 0/46 HPs)
             Began as a Ghoul Necromancer on Apr 5, 2022.
             Was an Initiate of Kikubaaqudgha.
             Slain by an orc
             ... wielding a +0 dagger
              (4 damage)
             ... on level 5 of the Dungeon.
             The game lasted 00:42:40 (3126 turns).

Lamak the Purveyor of Pain (Ghoul Necromancer)      Turns: 3126, Time: 00:42:41

Health: 0/46       AC:  6    Str: 12    XL:     6   Next: 3%
Magic:  5/9        EV: 10    Int: 10    God:    Kikubaaqudgha [......]
Gold:   123        SH:  0    Dex: 11    Spells: 10/11 levels left

rFire   + . .      SeeInvis .   l - +1 dagger (venom)
rCold   + + .      Faith    .   (no shield)
rNeg    + + +      Spirit   .   k - +0 ring mail
rPois   ∞          Reflect  .   (no helmet)
rElec   +          Harm     .   j - +0 cloak
rCorr   +          Rampage  .   (no gloves)
Will    .....                   (no boots)
Stlth   +.........              c - amulet of the acrobat
HPRegen 0.00/turn               d - ring of resist corrosion
MPRegen 0.11/turn               (no ring)

@: resistant, inhibited regen
A: claws 1, cold resistance 1, negative energy resistance 3, inhibited
regeneration, torment resistance 2
a: Renounce Religion


You were on level 5 of the Dungeon.
You worshipped Kikubaaqudgha.
Kikubaaqudgha was noncommittal.
You visited 1 branch of the dungeon, and saw 5 of its levels.

You collected 123 gold pieces.

Inventory:

Hand Weapons
 a - a +0 hunting sling
 l - a +1 dagger of venom (weapon)
Missiles
 f - 120 stones
 h - 12 poisoned darts (quivered)
Armour
 e - an orb of energy
 g - a +0 robe
 j - a +0 cloak (worn)
 k - a +0 ring mail (worn)
Jewellery
 c - an amulet of the acrobat (around neck)
 d - a ring of resist corrosion (left claw)
Potions
 b - a potion of attraction
 m - a potion of mutation


   Skills:
 + Level 0.6 Fighting
 + Level 1.3 Short Blades
 + Level 0.2 Maces & Flails
 + Level 1.3 Slings
 + Level 0.2(0.9) Throwing
 + Level 1.6 Armour
 + Level 2.2 Dodging
 + Level 2.3 Stealth
 + Level 0.1 Unarmed Combat
 + Level 3.0 Spellcasting
 + Level 4.8 Necromancy


You had 10 spell levels left.
You knew the following spells:

 Your Spells              Type           Power      Damage    Failure   Level
a - Pain                  Necr           44%        1d6       9%          1

Your spell library contained the following spells:

 Spells                   Type           Power      Damage    Failure   Level
 Animate Skeleton         Necr           22%        N/A       9%          1
 Vampiric Draining        Necr           11%        2d6       26%         3
 Apportation              Tloc           2%         N/A       52%         1
 Animate Dead             Necr           5%         N/A       65%         4
 Agony                    Necr           11%        N/A       94%         5
 Alistair's Intoxication  Tmut/Pois      0%         N/A       100%        5


Dungeon Overview and Level Annotations

Branches:
Dungeon (5/15)
 Temple: D:4-7

Altars:
Kikubaaqudgha
Trog
Yredelemnul

Shops:
D:4 =


Innate Abilities, Weirdness & Mutations

You thrive by killing the living.
You are immune to poison.
You have sharp fingernails.
Your flesh is cold resistant. (rC+)
You are immune to negative energy. (rN+++)
You do not regenerate when monsters are visible.
You are immune to unholy pain and torment.


Message History

The orc wizard is almost dead.
The orc wizard hits you but does no damage.
The orc barely misses you. The orc hits you with a +0 dagger.
You closely miss the orc wizard.
The orc wizard is almost dead.
The orc closely misses you.
The orc wizard hits you but does no damage.
You barely miss the orc wizard.
The orc wizard is almost dead.
The orc wizard hits you but does no damage.
The orc hits you with a +0 dagger.
You completely miss the orc wizard.
The orc wizard is almost dead.
The orc hits you but does no damage. The orc hits you with a +0 dagger.
The orc wizard casts a spell at you. The puff of flame misses you.
You hit the orc wizard.
You kill the orc wizard!
Kikubaaqudgha accepts your kill. The orc hits you with a +0 whip.
* * * LOW HITPOINT WARNING * * *
Your Spellcasting skill increases to level 3!
You have reached level 6!
You barely miss the orc. The orc hits you but does no damage.
The orc hits you with a +0 short sword.
* * * LOW HITPOINT WARNING * * *
The orc hits you but does no damage.
You closely miss the orc. The orc barely misses you.
The orc closely misses you. The orc hits you with a +0 whip.
* * * LOW HITPOINT WARNING * * *
You hit the orc.
The orc is poisoned.
The orc is lightly wounded.
The orc closely misses you. The orc barely misses you.
The orc hits you with a +0 whip.
* * * LOW HITPOINT WARNING * * *
You barely miss the orc.
The orc is moderately wounded.
The orc hits you with a +0 dagger.
You die...
Kikubaaqudgha rasps: "You have failed me!
Welcome... oblivion!"

##############
##.....##.....##
##..............##
#................#
###................#
.............../.o(#
###.............@o.#
#.............)o?#
#........†...........
##....................
##...................
########.#.##..###......
...# ###>.....#....##...
...###......###.#### ###
.........>...# #


You could see 3 orcs.

Vanquished Creatures
  A necrophage (D:5)
  A hound (D:4)
  An orc wizard (D:5)
  4 adders
  2 worms
  2 dart slugs (D:4)
  5 orcs (D:3)
  2 bats
  An endoplasm (D:2)
  4 giant cockroaches
  4 hobgoblins
  A quokka (D:2)
  A ball python (D:3)
  3 goblins
  5 kobolds
  3 rats (D:3)
40 creatures vanquished.

Vanquished Creatures (others)
  4 plants (D:1)
4 creatures vanquished.

Grand Total: 44 creatures vanquished

Notes
Turn   | Place    | Note
-------+----------+-------------------------------------------
     0 | D:1      | Lamak the Ghoul Necromancer began the quest for the Orb.
     0 | D:1      | Reached XP level 1. HP: 14/14 MP: 2/2
     6 | D:1      | Noticed a komodo dragon
     6 | D:1      | Noticed a black bear
     7 | D:1      | Noticed a salamander
   658 | D:2      | Reached XP level 2. HP: 19/20 MP: 3/3
   887 | D:2      | Found an ancient bone altar of Kikubaaqudgha.
   930 | D:2      | Became a worshipper of Kikubaaqudgha
  1468 | D:3      | Reached XP level 3. HP: 20/26 MP: 1/5
  1724 | D:3      | Found a bloodstained altar of Trog.
  2161 | D:4      | Reached skill level 1 in Slings
  2161 | D:4      | Reached XP level 4. HP: 33/33 MP: 0/6
  2182 | D:4      | Found a basalt altar of Yredelemnul.
  2414 | D:4      | Found Dusimem's Jewellery Emporium.
  3003 | D:5      | Entered Level 5 of the Dungeon
  3069 | D:5      | Reached XP level 5. HP: 37/38 MP: 1/7
  3075 | D:5      | Noticed a necrophage
  3100 | D:5      | Killed a necrophage
  3101 | D:5      | Reached skill level 1 in Short Blades
  3101 | D:5      | Reached skill level 1 in Armour
  3123 | D:5      | Reached XP level 6. HP: 13/46 MP: 4/9
  3126 | D:5      | Slain by an orc

Illustrated notes

Levels and vault maps discovered:
D:1:      onia_arrival_zoo_common, layout_rooms, serial_rivers,
          chequers_serial_rivers_micro_a, chequers_serial_rivers_micro_a,
          chequers_serial_rivers_small_3, chequers_serial_rivers_large_a,
          chequers_serial_rivers_small_b, chequers_serial_rivers_small_a,
          dreamdust_ecumenical_altar_grove, chequers_big_river
D:2:      layout_loops_cross, basic_altar
D:3:      layout_basic, lemuel_round_altar, chequers_serial_rivers_room_b
D:4:      layout_layer_cave, lemuel_crystal_altar, mainiacjoe_overflow_alcove_2,
          serial_shops, nicolae_diamond_shop, nicolae_shop_crystal, uniq_pikel,
          uniq_natasha
D:5:      layout_rooms, minmay_temple_entry_mini_moons, gup_sewer_entry_bubbles

Skill      XL: |  1  2  3  4  5 |
---------------+----------------+-----
Dodging        | 2 |  2.2
Spellcasting   | 2 3 |  3.0
Slings         | 1 |  1.3
Short Blades   | 1 |  1.3
Armour         | 1 |  1.6
Fighting       | |  0.6
Maces & Flails | |  0.2
Throwing       | |  0.2
Stealth        | |  2.3
Unarmed Combat | |  0.1
Necromancy     | |  4.8

Action                   |  1- 3 |  4- 6 || total
-------------------------+-------+-------++-------
Melee: Whip              |    43 |       ||    43
       Unarmed           |    26 |       ||    26
       Punch             |     3 |     1 ||     4
       Dagger            |    22 |    48 ||    70
 Fire: Hunting sling     |     5 |       ||     5
Throw: Dart              |     3 |       ||     3
 Cast: Pain              |    36 |    24 ||    60
  Use: Scroll            |     6 |     2 ||     8
       Potion            |     4 |     1 ||     5
Armor: Robe              |    26 |       ||    26
       Ring mail         |    16 |    22 ||    38
Dodge: Dodged            |    98 |    25 ||   123
